 Dungeon Crawl Stone Soup version 0.31-a0-995-g04711c9635 (webtiles) character file.

Game seed: 1275952761339393589

172 Dirtsage the Chopper (level 5, -2/41 HPs)
             Began as a Demonspawn Berserker on Nov 6, 2023.
             Was a Priest of Trog.
             Slain by an iguana (9 damage)
             ... on level 3 of the Dungeon.
             The game lasted 00:04:17 (2533 turns).

Dirtsage the Chopper (Demonspawn Berserker)         Turns: 2533, Time: 00:04:18

Health: -2/41      AC:  9    Str: 19    XL:     5   Next: 27%
Magic:  5/5        EV: 11    Int:  8    God:    Trog [***...]
Gold:   102        SH:  0    Dex: 13    Spells: 4/4 levels left

rFire   . . .        a - +0 hand axe
rCold   . . .        (no shield)
rNeg    . . .        r - +0 ring mail
rPois   .            o - +0 helmet
rElec   .            m - +1 cloak
rCorr   .            (no gloves)
SInv    .            j - +0 pair of boots
Will    .....        (no amulet)
Stlth   +            (no ring)
HPRegen 0.26/turn    (no ring)
MPRegen 0.09/turn

%: no passive effects
@: on berserk cooldown, slowed, very slow
A: hooves 2
a: Renounce Religion, Berserk, Trog's Hand


You were on level 3 of the Dungeon.
You worshipped Trog.
Trog was most pleased with you.
You visited 1 branch of the dungeon, and saw 3 of its levels.

You collected 102 gold pieces.

Inventory:

Hand Weapons
 a - a +0 hand axe (weapon)
Armour
 b - a +0 animal skin
 j - a +0 pair of boots (worn)
 m - a +1 cloak (worn)
 o - a +0 helmet (worn)
 r - a +0 ring mail (worn)
Scrolls
 f - a scroll of blinking {unknown}
 h - a scroll of enchant armour {unknown}
 i - 3 scrolls of identify {unknown}
 k - 2 scrolls of poison {unknown}
 q - 3 scrolls of teleportation {unknown}
Potions
 c - 2 potions of haste {unknown}
 d - a potion of magic {unknown}
 e - a potion of mutation {unknown}
 g - a potion of curing {unknown}
 l - a potion of heal wounds {unknown}
 n - 2 potions of resistance {unknown}
 p - a potion of enlightenment {unknown}


   Skills:
 - Level 3.0 Fighting
 + Level 5.5 Axes
 - Level 1.7 Armour
 - Level 1.7 Dodging


You had 4 spell levels left.
You didn't know any spells.
Your spell library contained the following spells:

 Spells                   Type           Power      Damage    Failure   Level
 Magic Dart               Conj           0%         1d3       58%         1
 Call Imp                 Summ           0%         N/A       75%         2
 Mephitic Cloud           Conj/Pois/Air  0%         N/A       92%         3
 Olgreb's Toxic Radiance  Pois           0%         N/A       100%        4
 Discord                  Hex            0%         N/A       100%        8
 Ignition                 Fire           0%         3d3       100%        8


Dungeon Overview and Level Annotations

Branches:
Dungeon (3/15)

Altars:
Qazlal


Innate Abilities, Weirdness & Mutations

You have hoof-like feet.


Message History

You start resting.
You are no longer berserk.
You are exhausted.
You feel yourself slow down.
You now have 23/41 hp.
You start resting.
An iguana comes into view.
You regained 2 hp, and now have 25/41 hp.
An iguana is nearby!
An iguana is nearby!
The iguana hisses angrily.
Items here: )) [[ ††.
Things that are here:
a +0 club; an orc corpse You hit the iguana.
The iguana is moderately wounded.
The iguana barely misses you. The iguana misses you.
You hit the iguana.
The iguana is heavily wounded.
The iguana bites you!
You take 11 damage, and have 16/41 hp.
MASSIVE DAMAGE!!
You completely miss the iguana.
The iguana is heavily wounded.
The iguana barely misses you. The iguana bites you.
You take 1 damage, and have 15/41 hp.
You hit the iguana but do no damage.
The iguana is heavily wounded.
The iguana bites you.
* * * LOW HITPOINT WARNING * * *
You take 3 damage, and have 12/41 hp.
You barely miss the iguana.
The iguana is heavily wounded.
The iguana bites you but does no damage.
The iguana bites you.
* * * LOW HITPOINT WARNING * * *
You take 5 damage, and have 7/41 hp.
You hit the iguana but do no damage.
The iguana is heavily wounded.
The iguana barely misses you. The iguana bites you!
You die...

......... .........
####.........
..##......... #
...#......... #.
#..#.......# #..
##.##.......###
#...####))#..###.....#
#..@l))...#....#.#..
#......####....#...# #
######.............###
######....##..#..
#######..#.) ##..#.)
##..)).) ###.......
#.......##


You could see an iguana.

Vanquished Creatures
  An orc priest (D:3)
  Robin (D:3)
  4 adders
  7 orcs (D:3)
  10 endoplasms
  6 giant cockroaches
  15 goblins
  9 hobgoblins
  7 jackals
  3 kobolds
  4 ball pythons
  4 bats
  2 frilled lizards
  5 rats
78 creatures vanquished.

Notes
Turn   | Place    | Note
-------+----------+-------------------------------------------
     0 | D:1      | Dirtsage the Demonspawn Berserker began the quest for the
                  | Orb.
     0 | D:1      | Reached XP level 1. HP: 18/18 MP: 1/1
    55 | D:1      | Reached skill level 3 in Axes
   234 | D:1      | Gained mutation: You have large cloven feet. [demonic
                  | ancestry]
   234 | D:1      | Reached XP level 2. HP: 21/24 MP: 2/2
  1233 | D:2      | Reached XP level 3. HP: 19/29 MP: 3/3
  1389 | D:2      | Reached skill level 4 in Axes
  1500 | D:2      | Reached ** piety under Trog
  1806 | D:2      | Gained mutation: You have hoof-like feet. [demonic
                  | ancestry]
  1806 | D:2      | Reached XP level 4. HP: 35/35 MP: 4/4
  1807 | D:2      | Found a stormy altar of Qazlal.
  2033 | D:3      | Noticed Robin
  2045 | D:3      | Killed Robin
  2173 | D:3      | Reached skill level 5 in Axes
  2425 | D:3      | Reached *** piety under Trog
  2510 | D:3      | Reached XP level 5. HP: 36/41 MP: 5/5
  2533 | D:3      | Slain by an iguana

Illustrated notes

Levels and vault maps discovered:
D:1:      psy_arrival_basics, layout_basic, serial_forest,
          infiniplex_forest_join, infiniplex_forest_3_way,
          infiniplex_forest_fountain, infiniplex_forest_end_2,
          infiniplex_forest_lined_room_3, infiniplex_forest_straight_2,
          infiniplex_forest_side_room, minmay_shallow_snake_nest
D:2:      layout_basic, basic_altar, minivault_4
D:3:      layout_rooms, mainiacjoe_overflow_paths, minmay_close_crescents,
          uniq_robin

Skill      XL: |  1  2  3  4 |
---------------+-------------+-----
Axes           | 3 4 5 |  5.5
Fighting       | |  3.0
Armour         | |  1.7
Dodging        | |  1.7

Action                     |  1- 3 |  4- 6 || total
---------------------------+-------+-------++-------
  Melee: Hand axe          |   108 |   112 ||   220
         Kick              |     8 |       ||     8
         Punch             |     2 |       ||     2
 Invoke: Berserk           |       |     1 ||     1
   Stab: Sleeping          |     3 |       ||     3
 Armour: Animal skin       |    51 |    58 ||   109
         Skin              |     3 |       ||     3
         Ring mail         |       |    20 ||    20
  Dodge: Dodged            |    63 |    93 ||   156

Table legend: (Time is in decaauts)
 A = Elapsed time spent in this place.
 B = Non-inter-level travel time spent in this place.
 C = Inter-level travel time spent in this place.
 D = Time resting spent in this place.
 E = Time spent auto-exploring this place.
 F = Levels seen in this place.
 G = Mean time per level.
                   A        B        C        D        E       F      G
               +--------+--------+--------+--------+--------+-----+--------+
         Total |   2553 |   2525 |     28 |      7 |   2051 |   3 |  851.0 |
       Dungeon |   2553 |   2525 |     28 |      7 |   2051 |   3 |  851.0 |
               +--------+--------+--------+--------+--------+-----+--------+

Top non-repeatable levels by time:
     D:1: 1073 daAuts
     D:2: 960 daAuts
     D:3: 519 daAuts
